Map: Romanticide LE

Players

DPGRogue (Rogue) - Winner!

  • Race: Zerg Zerg

Maru

  • Race: Terran Terran
  • League: Master

Event: ASUS ROG Fall 2021

VOD

Have the link to the VOD?

Description

Time

  • Played on: Sept. 19, 2021, 2:57 p.m.
  • Length: 24:37

All games in this series

Show
View Real Time Build Order
Export as new Build Order

DPGRogue Zerg - Winner!

Build Orders: Pool First, Muta Ling Bane 

Get SALT Encoding   

  12  0:00  Drone  
  13  0:12  Overlord  
  13  0:16  Drone  
  14  0:30  Drone x2  
  14  0:34  Drone  
  17  0:45  Extractor, Drone  
  17  0:49  Spawning Pool  
  16  0:55  Drone  
  17  1:06  Drone  
  18  1:17  Hatchery  
  17  1:21  Drone  
  18  1:36  Queen, Zergling x2  
  18  1:38  Zergling x2  
  22  1:45  Metabolic Boost  
  22  1:51  Overlord  
  22  2:10  Drone x2  
  22  2:12  Queen  
  26  2:27  Hatchery  
  26  2:30  Drone  
  26  2:33  Drone  
  26  2:36  Drone  
  28  2:43  Queen  
  30  2:47  Drone  
  31  2:51  Drone  
  31  2:52  Drone  
  31  2:57  Overlord  
  33  3:01  Drone  
  33  3:04  Drone  
  35  3:06  Drone  
  35  3:10  Pneumatized Carapace  
  36  3:19  Drone x3  
  39  3:22  Queen  
  39  3:26  Overlord  
  41  3:29  Drone  
  41  3:30  Drone  
  41  3:32  Drone  
  44  3:39  Queen  
  46  3:41  Drone  
  46  3:42  Drone  
  46  3:46  Drone x2  
  50  3:51  Drone x3  
  53  3:58  Queen  
  53  4:02  Zergling x6  
  58  4:05  Overlord  
  58  4:06  Overlord  
  58  4:11  Baneling Nest  
  58  4:14  Drone  
  58  4:15  Overlord  
  58  4:19  Overlord  
  58  4:24  Queen  
  58  4:25  Extractor, Drone x3  
  58  4:29  Zergling x4  
  58  4:30  Zergling x2  
  65  4:32  Drone  
  65  4:33  Drone  
  65  4:34  Drone  
  65  4:35  Drone  
  69  4:39  Drone x2  
  69  4:43  Drone x3  
  74  4:50  Queen  
  74  4:52  Lair  
  76  4:53  Zergling x2  
  76  4:54  Zergling x4  
  76  4:58  Spore Crawler  
  78  5:00  Extractor  
  78  5:01  Spore Crawler  
  78  5:04  Drone x4  
  78  5:05  Extractor  
  78  5:06  Drone x2  
  81  5:13  Drone, Overlord  
  82  5:16  Overlord  
  81  5:34  Drone x5  
  79  5:36  Drone  
  79  5:41  Drone x4  
  81  5:44  Extractor  
  81  5:45  Drone  
  81  5:46  Drone  
  81  5:50  Extractor  
  81  5:52  Spire  
  81  5:55  Drone x2  
  81  5:57  Drone  
  82  6:02  Drone  
  83  6:05  Drone  
  83  6:08  Drone  
  85  6:13  Drone x7  
  85  6:15  Hatchery  
  91  6:18  Overlord  
  91  6:25  Hatchery  
  90  6:28  Zergling x8  
  90  6:29  Zergling x2, Evolution Chamber  
  90  6:30  Evolution Chamber  
  90  6:31  Overlord  
  93  6:35  Zergling x2  
  93  6:40  Zergling x2  
  93  6:42  Centrifical Hooks  
  93  6:46  Zergling x16  
  102  6:51  Overlord  
  102  6:55  Zergling x4  
  102  6:57  Zergling x4  
  101  7:01  Baneling x4  
  101  7:02  Zergling x2  
  102  7:10  Zergling x2  
  102  7:13  Zergling x16  
  107  7:24  Mutalisk x6  
  112  7:30  Mutalisk  
  112  7:34  Mutalisk  
  112  7:35  Mutalisk  
  114  7:40  Zerg Melee Weapons Level 1, Zerg Ground Armor Level 1  
  114  7:42  Drone  
  114  7:44  Mutalisk x3  
  114  7:47  Drone x2  
  114  7:50  Overlord  
  122  7:51  Hatchery  
  122  7:55  Zergling x2  
  122  7:56  Zergling x4  
  122  7:57  Zergling x2  
  112  7:59  Zergling x10  
  112  8:00  Zergling x2  
  118  8:06  Zergling x2  
  118  8:08  Zergling x2  
  118  8:09  Zergling x2  
  118  8:12  Drone  
  122  8:15  Hatchery  
  122  8:16  Baneling x6  
  122  8:19  Zergling x2  
  125  8:20  Zergling x8  
  126  8:27  Zergling x12  
  126  8:33  Drone  
  130  8:43  Mutalisk x2  
  130  8:44  Overlord  
  131  8:58  Mutalisk x2  
  131  9:00  Overlord x2  
  131  9:01  Zerg Flyer Weapons Level 1  
  135  9:05  Drone  
  135  9:06  Drone x8  
  135  9:07  Drone  
  145  9:10  Mutalisk x2  
  149  9:18  Drone x3  
  149  9:20  Overlord  
  149  9:23  Zergling x2  
  153  9:25  Zergling x10  
  153  9:29  Zergling x2  
  159  9:33  Drone x3  
  159  9:34  Spore Crawler  
  159  9:35  Drone x3  
  159  9:36  Drone  
  165  9:39  Overseer x4  
  165  9:43  Drone  
  165  9:45  Overlord  
  166  9:46  Zergling x16, Spore Crawler  
  173  9:54  Baneling  
  173  9:57  Mutalisk  
  173  9:58  Mutalisk x3  
  179  10:00  Zerg Melee Weapons Level 2, Zerg Ground Armor Level 2  
  179  10:03  Overlord  
  179  10:11  Burrow  
  179  10:13  Zergling x2  
  177  10:23  Overlord  
  177  10:26  Drone x6, Infestation Pit  
  177  10:27  Hatchery  
  181  10:29  Zergling x2  
  181  10:30  Zergling x26  
  181  10:32  Extractor x2  
  181  10:35  Baneling x20  
  193  10:39  Zergling x2  
  193  10:40  Zergling x2  
  193  10:41  Overlord  
  196  10:42  Zergling x2  
  196  10:44  Baneling  
  196  10:45  Zergling x2, Baneling x9  
  196  10:46  Zergling x2  
  198  10:50  Zergling x2  
  199  11:01  Zerg Flyer Weapons Level 2  
  199  11:09  Hive  
  199  11:15  Zergling x2  
  194  11:19  Zergling x6  
  197  11:28  Zergling x4  
  197  11:29  Zergling x2  
  199  11:38  Baneling  
  199  11:39  Baneling x13  
  197  11:41  Zergling x4  
  199  11:54  Zergling x10  
  199  12:12  Zergling x2  
  194  12:17  Zergling x2  
  194  12:18  Zergling x16  
  194  12:22  Zergling x2  
  181  12:23  Zergling x42  
  192  12:30  Zergling x2  
  192  12:31  Zergling x10  
  187  12:37  Adrenal Glands  
  187  12:38  Zerg Ground Armor Level 3, Zerg Melee Weapons Level 3, Ultralisk Cavern  
  187  12:40  Zergling x4  
  187  12:41  Zergling x28  
  189  12:44  Hatchery  
  189  12:47  Zergling x16  
  189  12:50  Hatchery  
  192  12:51  Zergling x12  
  192  12:54  Hatchery  
  194  12:59  Zergling x2  
  194  13:03  Zergling x8  
  194  13:05  Baneling x18  
  199  13:06  Baneling x9  
  199  13:18  Baneling  
  199  13:19  Baneling x17  
  199  13:23  Zergling x2  
  199  13:25  Zergling x2  
  192  13:27  Zergling x16  
  192  13:30  Zergling x2  
  192  13:31  Zergling x14  
  192  13:32  Zergling x2  
  191  13:36  Zergling x2  
  191  13:38  Zergling x8  
  191  13:41  Zergling x4, Chitinous Plating  
  193  13:42  Ultralisk  
  193  13:43  Zergling x2  
  193  13:46  Zergling x2  
  184  13:49  Drone  
  184  13:50  Drone  
  184  13:52  Zergling x4  
  187  13:57  Ultralisk x2  
  187  13:58  Drone  
  187  13:59  Drone x2  
  198  14:09  Zergling x2  
  198  14:10  Zergling x2  
  198  14:16  Zergling x2  
  199  14:19  Zergling x2  
  199  14:20  Zergling x2  
  199  14:22  Baneling x15  
  199  14:23  Baneling  
  193  14:25  Zergling x2  
  179  14:32  Zergling x12  
  179  14:33  Zergling x16  
  179  14:34  Zergling x14  
  179  14:35  Zergling x10  
  194  14:38  Zerg Flyer Armor Level 1  
  194  14:40  Zergling x4  
  194  14:44  Zergling x6  
  189  14:47  Zergling x2  
  189  14:48  Zergling x6  
  189  14:50  Drone x4  
  192  14:59  Overlord  
  190  15:00  Anabolic Synthesis  
  190  15:01  Zergling x6  
  190  15:06  Zergling x2  
  194  15:11  Overlord  
  184  15:24  Mutalisk x4  
  184  15:26  Overlord  
  184  15:27  Overseer x3  
  184  15:28  Overseer  
  187  15:32  Zergling x14  
  187  15:33  Zergling x10  
  187  15:34  Baneling  
  187  15:35  Baneling x17  
  199  15:51  Zergling x2  
  198  15:58  Zergling x6  
  169  16:13  Ultralisk x4  
  177  16:19  Zergling x10  
  177  16:20  Zergling x48  
  177  16:25  Zergling x16  
  199  16:36  Zerg Flyer Weapons Level 3  
  197  16:43  Hatchery  
  193  16:48  Zergling x16  
  199  16:55  Hatchery  
  196  17:02  Hatchery  
  196  17:06  Mutalisk x6  
  199  17:10  Baneling x4  
  199  17:13  Zergling x2  
  200  17:21  Baneling x15  
  200  17:22  Baneling x5  
  199  17:24  Zergling x2  
  200  17:35  Hatchery  
  199  17:37  Zergling x2  
  199  17:43  Zergling x4  
  185  18:00  Zergling x8  
  185  18:02  Baneling x8  
  184  18:09  Zergling x2, Ultralisk x2  
  184  18:10  Zergling x10  
  184  18:11  Zergling x2  
  192  18:15  Zergling x6  
  192  18:19  Zergling x16  
  187  18:20  Zergling x2  
  187  18:22  Overlord  
  187  18:25  Zergling x2  
  181  18:29  Zergling x2  
  181  18:32  Zergling x2  
  170  18:35  Zergling x2, Hatchery  
  170  18:36  Queen  
  164  18:43  Ultralisk x2  
  164  18:44  Overlord  
  164  18:46  Baneling x2  
  164  18:47  Zergling x2, Baneling x6  
  177  18:49  Zergling x18  
  183  18:56  Zergling x6  
  184  19:05  Ultralisk x2  
  184  19:08  Zergling x14  
  184  19:09  Zergling x2  
  174  19:10  Zergling x12  
  174  19:13  Zergling x2  
  174  19:14  Zergling x16  
  174  19:18  Ultralisk  
  174  19:21  Hatchery  
  174  19:22  Ultralisk x2  
  179  19:24  Zergling x2  
  179  19:29  Ultralisk  
  184  19:40  Zergling x2  
  184  19:41  Zergling x10  
  188  19:47  Drone  
  188  19:49  Overseer  
  188  19:52  Mutalisk x2  
  193  19:54  Overlord  
  193  19:56  Overseer  
  191  20:16  Baneling x8  
  191  20:17  Baneling x6  
  192  20:23  Zergling x16  
  198  20:34  Zergling x30  
  193  20:39  Mutalisk x4  
  199  20:48  Baneling x7  
  199  20:49  Baneling x2  
  199  20:59  Zergling x2  
  182  21:12  Zergling x32  
  182  21:13  Zergling x2  
  182  21:17  Zergling x2  
  192  21:19  Zergling x2  
  192  21:25  Zergling x24  
  194  21:33  Zergling x10  
  197  22:17  Zergling x2  
  197  22:18  Zergling x4  
  197  22:19  Baneling  
  197  22:20  Baneling x11  
  191  22:25  Zergling x18  
  191  22:27  Spore Crawler  
  199  22:33  Zergling x2  
  200  22:53  Zergling x2  
  200  22:55  Hatchery x2  
  198  23:03  Baneling x4  
  198  23:04  Baneling x16  
  198  23:08  Zergling x2  
  168  23:20  Ultralisk  
  168  23:24  Zergling x24  
  168  23:25  Zergling x36  
  168  23:32  Zergling x2  
  165  23:37  Ultralisk  
  165  23:38  Zergling x2  
  165  23:40  Zergling x4  
  162  23:47  Zergling x18  
  168  23:54  Zergling x2  
  163  23:57  Zergling x12  
  169  24:04  Zergling x2  
  169  24:05  Baneling x3  
  169  24:06  Baneling x6  
  170  24:17  Zergling x6  
  170  24:18  Zergling x10  
Show
View Real Time Build Order
Export as new Build Order

Maru Terran 

Build Orders: Hellion Opening, Reaper Expand 

Get SALT Encoding   

  12  0:00  SCV  
  13  0:12  SCV  
  14  0:17  Supply Depot  
  14  0:24  SCV  
  15  0:38  SCV  
  15  0:40  Barracks  
  16  0:44  Refinery  
  16  0:50  SCV  
  17  1:02  SCV  
  18  1:14  SCV  
  19  1:27  Orbital Command  
  19  1:28  Reaper  
  20  1:39  Command Center  
  20  1:48  Supply Depot  
  20  1:53  SCV  
  21  1:59  Marine  
  22  2:05  SCV  
  22  2:08  Factory  
  23  2:14  Refinery  
  23  2:17  SCV  
  23  2:22  Barracks Reactor  
  24  2:29  SCV  
  25  2:41  SCV  
  26  2:52  Orbital Command  
  26  2:53  SCV, Starport  
  27  3:01  Hellion x2  
  31  3:06  SCV  
  32  3:18  SCV x2  
  33  3:23  Hellion x2  
  37  3:30  SCV, Viking  
  37  3:32  Barracks Tech Lab  
  37  3:33  Supply Depot  
  40  3:34  SCV  
  41  3:42  SCV  
  41  3:44  Hellion x2  
  46  3:54  Supply Depot  
  46  3:55  SCV x2  
  48  4:00  Liberator  
  51  4:07  SCV, Hellion  
  54  4:15  Supply Depot  
  54  4:16  SCV, Hellion  
  57  4:19  SCV  
  58  4:25  Command Center  
  58  4:28  SCV  
  59  4:31  SCV  
  60  4:40  SCV  
  60  4:43  SCV  
  60  4:44  Starport Reactor  
  60  4:45  Marine, Barracks, Stimpack  
  62  4:50  Barracks  
  62  4:51  Factory Reactor  
  62  4:52  SCV  
  64  4:55  SCV  
  65  5:02  Refinery, Engineering Bay  
  65  5:03  Engineering Bay  
  65  5:04  SCV  
  65  5:06  Marine  
  67  5:07  SCV  
  68  5:16  SCV  
  68  5:20  SCV  
  70  5:24  Barracks  
  70  5:26  Barracks  
  68  5:28  SCV  
  68  5:32  SCV  
  60  5:40  Marine x3  
  60  5:41  SCV, Medivac x2  
  60  5:44  SCV  
  60  5:45  Orbital Command  
  60  5:46  Factory Reactor  
  61  5:51  Marine x2  
  61  5:53  SCV  
  61  5:54  Terran Infantry Armor Level 1, Terran Infantry Weapons Level 1  
  64  5:59  Marine x3  
  64  6:04  SCV  
  68  6:05  Refinery, SCV  
  68  6:08  Orbital Command  
  69  6:15  Barracks Reactor x2  
  69  6:16  Supply Depot x2  
  69  6:17  Marine x2  
  71  6:18  Marine  
  71  6:20  SCV  
  71  6:24  Widow Mine  
  71  6:25  Widow Mine, Combat Shield  
  77  6:29  Marine x2  
  79  6:33  SCV  
  79  6:34  Marine  
  79  6:35  SCV  
  79  6:39  Medivac  
  84  6:40  Marine, Armory, Medivac  
  84  6:42  SCV  
  88  6:50  Marine x2, Supply Depot x2  
  88  6:51  SCV  
  88  6:52  Marine x2  
  93  6:54  SCV  
  93  6:55  SCV  
  93  7:01  Widow Mine  
  94  7:02  Widow Mine  
  94  7:03  SCV  
  94  7:05  Marine x2  
  94  7:06  Marine x2  
  101  7:10  Marine, SCV  
  101  7:11  SCV  
  97  7:15  SCV  
  97  7:17  Marine x2  
  97  7:22  Marine x2, SCV  
  99  7:23  Marine, SCV  
  99  7:24  Widow Mine, Medivac  
  99  7:27  Marine x3  
  92  7:32  SCV  
  92  7:35  SCV  
  91  7:38  Marine x3  
  91  7:39  SCV  
  91  7:40  Marine  
  96  7:44  SCV  
  96  7:48  SCV  
  96  7:50  Widow Mine x2  
  102  7:51  SCV  
  102  7:56  Supply Depot, Medivac x2  
  102  7:57  Terran Infantry Weapons Level 2  
  107  8:00  SCV  
  107  8:04  Terran Infantry Armor Level 2  
  108  8:06  Supply Depot  
  108  8:07  Marine, Supply Depot  
  108  8:08  Marine x4  
  108  8:10  SCV x2  
  115  8:15  Marine x2, Factory  
  115  8:18  SCV  
  118  8:23  Missile Turret  
  118  8:26  Marine  
  116  8:27  Widow Mine x2  
  116  8:30  SCV  
  121  8:38  SCV  
  121  8:40  Marine x8  
  130  8:43  Marine  
  130  8:44  Command Center, Missile Turret  
  131  8:50  Missile Turret  
  129  8:57  Marine  
  129  8:58  Marine x2  
  129  8:59  Factory Tech Lab  
  129  9:00  SCV  
  131  9:03  Marine  
  131  9:04  Marine  
  131  9:12  Widow Mine x2  
  131  9:14  Supply Depot  
  131  9:15  Supply Depot  
  131  9:16  Terran Vehicle And Ship Armor Level 1  
  135  9:21  Drilling Claws  
  135  9:23  Refinery  
  135  9:24  Refinery  
  135  9:32  Supply Depot  
  135  9:34  Supply Depot  
  135  9:36  Thor, SCV  
  135  9:37  Barracks  
  135  9:38  Barracks  
  142  9:39  Barracks  
  142  9:42  SCV  
  143  9:47  Widow Mine x2  
  147  9:59  Missile Turret  
  148  10:00  SCV, Missile Turret  
  148  10:02  Missile Turret  
  148  10:03  Marine x3, Missile Turret  
  148  10:04  Marine x2, Marauder  
  155  10:13  Marine  
  155  10:14  Marine x2  
  158  10:15  SCV x3  
  157  10:24  Terran Infantry Armor Level 3, Terran Infantry Weapons Level 3  
  157  10:25  Marauder  
  157  10:26  Barracks Tech Lab x2  
  157  10:27  SCV x2, Barracks Tech Lab  
  157  10:28  Missile Turret x2  
  161  10:29  SCV, Supply Depot  
  161  10:32  Planetary Fortress  
  162  10:39  SCV x2  
  162  10:41  SCV  
  163  10:43  Missile Turret  
  163  10:45  Marauder  
  163  10:46  Marauder x3  
  163  10:49  Sensor Tower, Supply Depot  
  171  10:51  SCV x2  
  171  11:00  Marine x2  
  171  11:07  Marauder x2  
  175  11:12  Command Center  
  175  11:21  Marine x2  
  175  11:22  Concussive Shells, Marauder x2  
  175  11:24  Terran Vehicle And Ship Armor Level 2  
  176  11:34  Medivac x2  
  176  11:36  Widow Mine x2  
  184  11:44  Marine, Marauder, Command Center  
  184  11:45  Thor  
  184  11:57  Marine, Widow Mine x2  
  184  11:58  Marauder  
  184  11:59  Sensor Tower  
  191  12:04  Medivac x2  
  195  12:15  Missile Turret  
  190  12:17  Marine, Missile Turret  
  165  12:24  Marine  
  165  12:25  Marine  
  165  12:26  Marine, Marauder x2  
  165  12:27  Widow Mine x2  
  165  12:28  Thor  
  152  12:39  Marine x5  
  152  12:40  SCV  
  152  12:42  SCV x2  
  158  12:46  SCV  
  158  12:48  Widow Mine x2  
  163  12:55  SCV  
  155  12:58  Marine  
  155  12:59  Marine x5, Marauder x2  
  155  13:01  Orbital Command  
  155  13:03  Missile Turret x2  
  165  13:07  Medivac x2  
  165  13:09  Widow Mine  
  165  13:10  Supply Depot, SCV  
  165  13:11  Thor  
  178  13:18  Marine  
  178  13:19  Marauder x2  
  183  13:22  SCV  
  183  13:23  Marine x2  
  185  13:27  Marauder x2  
  185  13:29  Marine x3  
  185  13:30  Marine  
  183  13:36  Planetary Fortress  
  183  13:37  Marine  
  183  13:40  Marauder x2  
  185  13:47  Marine, Factory Tech Lab  
  176  13:48  Marauder  
  176  13:49  Marauder, Missile Turret x2  
  176  13:53  SCV x2, Missile Turret  
  174  13:58  Medivac x2  
  174  14:00  Thor  
  174  14:01  Marauder  
  184  14:03  Missile Turret  
  184  14:08  Marine x2  
  184  14:09  Marine, Marauder  
  188  14:12  SCV  
  188  14:13  SCV  
  188  14:14  SCV  
  171  14:35  Marine x3  
  171  14:36  Marine, Marauder x4  
  171  14:38  SCV x3  
  175  14:41  Liberator x2  
  173  14:51  SCV x2  
  173  14:52  SCV x2  
  164  14:57  Marauder x2  
  168  15:02  Widow Mine x2  
  168  15:04  Marauder  
  168  15:05  Marauder  
  176  15:13  Marine x4  
  173  15:19  Marine, Marauder x2  
  172  15:22  Marine x3  
  172  15:23  Medivac  
  172  15:24  SCV x2  
  172  15:26  Marauder x2  
  178  15:30  Marine, SCV  
  178  15:31  Marine x2, SCV x2  
  184  15:36  SCV  
  184  15:40  Marauder  
  184  15:42  Marine  
  183  15:43  Marauder  
  183  15:47  Marine x2, Widow Mine, Marauder  
  192  15:50  Widow Mine  
  192  15:56  SCV x4  
  186  16:09  Marine x2  
  186  16:10  Marauder x2  
  186  16:11  Marine, Marauder  
  181  16:12  Marine x2  
  181  16:13  Marauder  
  181  16:15  Marine x2  
  164  16:21  Marine  
  153  16:25  SCV  
  153  16:26  SCV x2  
  153  16:27  Marine x2  
  153  16:28  SCV  
  153  16:29  Marine, SCV, Refinery x2  
  153  16:30  Marine x2  
  153  16:31  Marine, Marauder  
  153  16:32  Marine  
  166  16:33  Marine  
  166  16:39  Marine x2  
  172  16:40  Marauder  
  172  16:46  Marine x2  
  174  16:49  Marauder  
  174  16:51  Marauder  
  174  16:52  Marauder  
  176  16:57  Marine x2  
  180  17:01  Marauder  
  180  17:02  Marine  
  180  17:07  SCV  
  180  17:08  SCV  
  173  17:09  Refinery x2  
  173  17:10  Marauder, Command Center  
  173  17:11  Widow Mine x2  
  173  17:12  Marauder  
  181  17:20  Marine, Marauder  
  184  17:28  Marine, Marauder  
  184  17:29  SCV  
  188  17:30  Supply Depot  
  188  17:32  Refinery, Widow Mine x2, Marauder  
  194  17:37  Engineering Bay  
  194  17:38  Command Center  
  193  17:45  Marauder  
  193  17:46  Marine  
  194  17:52  Marauder  
  194  17:53  Widow Mine  
  194  17:58  Marine x2, Marauder x2  
  196  18:06  Marine x2  
  190  18:15  Marine x5  
  190  18:16  Marauder  
  186  18:20  Marine  
  186  18:22  Marauder  
  186  18:24  Marine  
  182  18:31  Marine  
  182  18:33  Marine  
  178  18:37  Widow Mine x2, Marauder  
  183  18:43  Marauder  
  183  18:45  Marine  
  183  18:46  Marine  
  187  18:49  Marine  
  187  18:55  Marine x2  
  190  18:58  Widow Mine x2  
  190  18:59  Marauder  
  190  19:00  Marine x2  
  196  19:05  Marauder  
  196  19:09  Marine x4  
  181  19:12  Marine  
  181  19:13  Marine  
  155  19:18  Marine  
  155  19:19  Marine x2  
  155  19:20  Widow Mine x2  
  153  19:25  Marine  
  150  19:35  Medivac x2  
  150  19:38  Marauder  
  156  19:40  Marine x2  
  156  19:41  Widow Mine x2  
  160  19:56  Marauder  
  160  19:59  Marauder  
  164  20:02  Thor  
  164  20:04  Widow Mine  
  164  20:05  Marine x3  
  169  20:17  Marauder  
  169  20:20  Marauder  
  173  20:25  Widow Mine  
  172  20:38  Marine x4  
  172  20:39  Marine x3, Marauder  
  172  20:42  Marauder  
  173  20:43  Medivac x2  
  173  20:45  Widow Mine, Orbital Command, Engineering Bay  
  173  20:47  Widow Mine  
  173  20:48  Marine  
  182  20:55  SCV x3  
  182  20:56  Marine  
  186  20:57  Marine  
  186  21:00  Marauder  
  186  21:03  Marauder  
  188  21:07  Widow Mine  
  188  21:08  Widow Mine  
  171  21:12  Marine  
  163  21:21  Marauder  
  163  21:23  Marine x7  
  163  21:25  Marauder  
  159  21:27  Thor  
  159  21:29  Thor  
  159  21:31  Liberator x2  
  177  21:40  SCV x2  
  177  21:43  Marauder  
  177  21:46  Marauder  
  183  21:52  SCV  
  182  22:00  Command Center  
  182  22:04  SCV, Marauder  
  182  22:07  Marauder  
  187  22:11  Widow Mine  
  187  22:12  Thor  
  187  22:14  Liberator  
  198  22:16  Liberator  
  198  22:46  Marauder  
  198  23:14  Marine x3  
  198  23:15  Marauder x2  
  198  23:16  Marine  
  198  23:19  Marine x3  
  146  23:20  SCV  
  102  23:29  Marine  
  102  23:30  Widow Mine x2  
  94  23:36  Marauder x2  
  67  23:44  Marine  
  67  23:48  Marine  
  67  23:55  Marine  
  67  23:57  Marauder  
  67  23:58  Marauder  
  67  24:00  Marine x2  
  72  24:07  Marine  
  72  24:08  Marine x3  
  72  24:09  Marine  
  77  24:16  Widow Mine x2  
Tags
 
Add a new tag
Caveats
  • Supply blocks, unpowered buildings, or Contaminate may cause inaccurate times.
  • Supply counts are checked every 10 seconds.